 Dungeon Crawl Stone Soup version 0.20.0-8-g6b59dc7 (webtiles) character file.

6978 lazylenya the Unseen (level 10, -15/80 HPs)
             Began as a Vampire Assassin on June 1, 2017.
             Was an Initiate of Dithmenos.
             Demolished by Grum
             ... wielding a -2 spear
              (21 damage)
             ... on level 10 of the Dungeon.
             The game lasted 00:47:24 (9200 turns).

lazylenya the Unseen (Vampire Assassin)             Turns: 9200, Time: 00:47:25

Health: -15/80     AC: 11    Str:  6    XL:     10   Next: 81%
Magic:  10/10      EV: 20    Int: 15    God:    Dithmenos [......]
Gold:   579        SH:  0    Dex: 21    Spells: 9/9 levels left

rFire    . . .     SeeInvis +   a - +3 dagger
rCold    + . .     Gourm    .   (no shield)
rNeg     + + .     Faith    .   c - +0 robe
rPois    +         Spirit   .   y - +0 helmet of Baldness {+Inv +Fly rPois}
rElec    .         Reflect  .   d - +1 cloak
rCorr    .         Harm     .   (no gloves)
MR       +....                  i - +0 pair of boots
Stlth    +++++++++.             (no amulet)
Regen    0.2/turn               s - ring "Iripuirgh" {rPois AC+4 Str-4 Dex+3 Slay+3 Stlth+}
MPRegen  0.2/turn               (no ring)

@: regenerating slowly
A: fangs 3, repulsion field 1, see invisible, blink, robust 1, shaggy fur 1,
unbreathing
a: Bat Form, Blink, Renounce Religion, Evoke Invisibility, Evoke Flight


You were on level 10 of the Dungeon.
You worshipped Dithmenos.
Dithmenos was noncommittal.
You were thirsty.

You visited 2 branches of the dungeon, and saw 11 of its levels.

You collected 579 gold pieces.

Inventory:

Hand Weapons
 a - a +3 dagger (weapon)
 b - a +0 blowgun
 o - a +1 dagger of venom
Missiles
 e - 47 poisoned needles
 f - 2 curare-tipped needles
Armour
 c - a +0 robe (worn)
 d - a +1 cloak (worn)
 i - a +0 pair of boots (worn)
 y - the +0 helmet of Baldness (worn) {+Inv +Fly rPois}
   (You acquired it on level 8 of the Dungeon)

   It protects you from poison.
   It lets you turn invisible.
   It lets you fly.
Magical Staves
 C - an uncursed staff of death {unknown}
Jewellery
 s - the ring "Iripuirgh" (left hand) {rPois AC+4 Str-4 Dex+3 Slay+3 Stlth+}
   (You found it on level 4 of the Dungeon)

   [ring of protection]

   It affects your AC (+4).
   It affects your strength (-4).
   It affects your dexterity (+3).
   It affects your accuracy and damage with ranged weapons and melee attacks
   (+3).
   It protects you from poison.
   It makes you more stealthy.
Wands
 n - a wand of polymorph (7/24)
 t - a wand of flame (48/48)
Scrolls
 g - a scroll of fog
 h - 2 scrolls of enchant weapon
 j - 2 scrolls of remove curse
 p - 3 scrolls of magic mapping
 u - 5 scrolls of identify
 v - 2 scrolls of teleportation
 x - a scroll of recharging
 A - 4 scrolls of amnesia
Potions
 k - a potion of agility {unknown}
 q - 2 potions of curing
 r - a potion of haste
 w - a potion of lignification
 z - 4 potions of blood
 B - 2 potions of flight {unknown}
 D - a potion of invisibility {unknown}
 E - a potion of brilliance {unknown}
 G - a potion of cancellation {unknown}
Books
 l - a book of Misfortune

   Spells                             Type                      Level
   a - Confusing Touch                Hexes                        1
   b - Confuse                        Hexes                        3
   c - Gell's Gravitas                Translocation                3
   d - Petrify                        Transmutation/Earth          4
   e - Metabolic Englaciation         Hexes/Ice                    5
   f - Yara's Violent Unravelling     Hexes/Transmutation          5
 m - a book of Maledictions

   Spells                             Type                      Level
   a - Corona                         Hexes                        1
   b - Ensorcelled Hibernation        Hexes/Ice                    2
   c - Confuse                        Hexes                        3
   d - Tukima's Dance                 Hexes                        3
   e - Dazzling Spray                 Conjuration/Hexes            3
 F - a book of Misfortune

   Spells                             Type                      Level
   a - Confusing Touch                Hexes                        1
   b - Confuse                        Hexes                        3
   c - Gell's Gravitas                Translocation                3
   d - Petrify                        Transmutation/Earth          4
   e - Metabolic Englaciation         Hexes/Ice                    5
   f - Yara's Violent Unravelling     Hexes/Transmutation          5


   Skills:
 + Level 4.9 Fighting
 + Level 8.6 Short Blades
 - Level 1.5 Throwing
 + Level 7.4 Dodging
 * Level 18.0 Stealth


You had 9 spell levels left.
You didn't know any spells.

Dungeon Overview and Level Annotations

Branches:
Dungeon (10/15)            Temple (1/1) D:4            Lair (0/6) D:10
    Orc: D:9-12

Altars:
Ashenzari
Cheibriados
Dithmenos
Elyvilon
Fedhas
Gozag
Hepliaklqana
Kikubaaqudgha
Makhleb
Nemelex Xobeh
Okawaru
Qazlal
Ru
Sif Muna
Trog
Uskayaw
Vehumet
Xom
Yredelemnul
Zin
The Shining One

Shops:
D:7 %

Annotations:
D:10 Grum


Innate Abilities, Weirdness & Mutations

You heal slowly.
You have razor-sharp teeth.
You have supernaturally acute eyesight. (SInv)
You can survive without breathing.
You are surrounded by a mild repulsion field. (EV +2)
You can translocate small distances at will.
You are robust. (+10% HP)
You are covered in fur. (AC +1)


Message History

An eye of draining comes into view.
You blink.
You feel slightly more thirsty.
You blink.
You feel slightly more thirsty. The wolf misses you. x2
Grum misses you. The wolf misses you.
You fail to use your ability.
The eye of draining turns its gaze towards you.
The wolf closely misses you.
The wolf stops to sniff the ground.
The wolf misses you. Grum hits you with a spear.
* * * LOW HITPOINT WARNING * * *
The wolf bites you but does no damage.
You blink.
You feel slightly more thirsty. The wolf bites you.
* * * LOW HITPOINT WARNING * * *
You blink.
You feel slightly more thirsty. The wolf barely misses you.
Grum sniffs the air and quickly glances around.
Grum completely misses you. The wolf barely misses you.
You feel better. The wolf bites you.
* * * LOW HITPOINT WARNING * * *
The wolf barely misses you. Grum hits you with a spear!!
You die...

.....# #.# ..
..... #.# ..#.
....####.###.....
................
...####.....####
###.####.......#
#.G...#.........#
#..............!#
#..@..#.........#
#.hgh.#(........#
#.....#.........#
#."...##.>.....##
#######.........
.....??


You could see Grum, an eye of draining and 2 wolves.

Vanquished Creatures
  The ghost of GordonOverkill the Cleaver, a novice MiSu of Trog (D:7)
  Pikel (D:8)
  Maurice (D:9)
  5 hippogriffs
  2 water moccasins (D:9)
  2 hell hounds (D:10)
  2 sky beasts
  2 orc warriors
  2 phantoms
  An eye of draining (D:9)
  A wolf (D:10)
  2 ogres
  5 centaurs
  2 big kobolds
  2 bullfrogs
  2 gnoll sergeants (D:6)
  2 scorpions
  8 killer bees
  4 howler monkeys
  8 wights
  3 bullfrog zombies
  7 crimson imps
  3 hounds
  4 jellies
  3 centaur skeletons
  3 orc priests
  6 orc wizards
  Natasha (thrice) (D:3)
  3 bullfrog skeletons
  5 iguanas
  8 worker ants
  Terence (D:2)
  A hound zombie (D:7)
  2 worker ant zombies
  7 gnolls (D:6)
  A howler monkey skeleton (D:10)
  9 adders
  4 shadow imps
  An adder zombie (D:5)
  2 adder skeletons
  2 dart slugs
  A worm (D:2)
  6 leopard geckos
  23 orcs
  6 bats
  5 giant cockroaches
  9 goblins
  7 hobgoblins
  12 jackals
  17 kobolds
  4 quokkas
  2 ball pythons
  5 frilled lizards
  5 rats
235 creatures vanquished.

Vanquished Creatures (others)
  An adder (D:8)
  A quokka skeleton (D:8)
2 creatures vanquished.

Grand Total: 237 creatures vanquished

Notes
Turn   | Place    | Note
-------+----------+-------------------------------------------
     0 | D:1      | lazylenya the Vampire Assassin began the quest for the Orb.
     0 | D:1      | Reached XP level 1. HP: 16/16 MP: 1/1
    34 | D:1      | Reached skill level 6 in Stealth
    60 | D:1      | Reached XP level 2. HP: 9/22 MP: 2/2
   473 | D:1      | Reached skill level 7 in Stealth
   666 | D:2      | Reached XP level 3. HP: 22/27 MP: 3/3
   752 | D:2      | Noticed Terence
   766 | D:2      | Killed Terence
   884 | D:2      | Reached XP level 4. HP: 29/33 MP: 4/4
  1072 | D:2      | Reached skill level 8 in Stealth
  1557 | D:3      | Noticed Natasha
  1564 | D:3      | Killed Natasha
  1564 | D:3      | Reached XP level 5. HP: 39/39 MP: 5/5
  1571 | D:3      | Noticed Natasha
  1581 | D:3      | Killed Natasha
  1701 | D:3      | Found a shimmering altar of Xom.
  1701 | D:3      | Found a deep blue altar of Sif Muna.
  1845 | D:3      | Noticed Natasha
  1852 | D:3      | Killed Natasha
  1962 | D:3      | Reached skill level 9 in Stealth
  1962 | D:3      | Reached XP level 6. HP: 42/46 MP: 6/6
  2175 | D:4      | Found a staircase to the Ecumenical Temple.
  2341 | D:4      | Gained mutation: Your muscles are strong. (Str +2) [potion of mutation]
  2341 | D:4      | Gained mutation: Your spells are a little easier to cast, but a little less powerful. [potion of mutation]
  2341 | D:4      | Gained mutation: You are clumsy. (Dex -2) [potion of mutation]
  2341 | D:4      | Gained mutation: You are partially covered in yellow scales. (AC +2) [potion of mutation]
  2410 | D:4      | Found a glowing silver altar of Zin.
  2489 | D:4      | Reached skill level 10 in Stealth
  2627 | Temple   | Entered the Ecumenical Temple
  3003 | D:4      | Got a heavily runed lapis lazuli ring
  3006 | D:4      | Identified the ring "Iripuirgh" {rPois AC+4 Str-4 Dex+3 Slay+3 Stlth+} (You found it on level 4 of the Dungeon)
  3046 | D:4      | Reached XP level 7. HP: 51/51 MP: 7/7
  3114 | D:5      | Entered Level 5 of the Dungeon
  3131 | D:5      | Found a blossoming altar of Fedhas.
  3134 | D:5      | Found a glowing golden altar of the Shining One.
  3137 | D:5      | Lost mutation: Your spells are a little easier to cast, but a little less powerful. [potion of mutation]
  3137 | D:5      | Lost mutation: You are clumsy. (Dex -2) [potion of mutation]
  3137 | D:5      | Lost mutation: Your muscles are strong. (Str +2) [potion of mutation]
  3137 | D:5      | Lost mutation: You are partially covered in yellow scales. (AC +2) [potion of mutation]
  3137 | D:5      | Gained mutation: You are surrounded by a mild repulsion field. (EV +2) [potion of mutation]
  3137 | D:5      | Gained mutation: You are covered in fur. (AC +1) [potion of mutation]
  3137 | D:5      | Gained mutation: You can translocate small distances at will. [potion of mutation]
  3137 | D:5      | Gained mutation: You are robust. (+10% HP) [potion of mutation]
  3335 | D:5      | Reached skill level 11 in Stealth
  3887 | D:6      | Reached skill level 12 in Stealth
  3896 | D:6      | Reached XP level 8. HP: 35/63 MP: 8/8
  3947 | D:6      | Reached skill level 5 in Short Blades
  4150 | D:6      | Found an iron altar of Okawaru.
  4205 | D:6      | Reached skill level 13 in Stealth
  4708 | D:6      | Reached skill level 14 in Stealth
  4743 | D:7      | Noticed GordonOverkill's ghost (novice MiSu)
  4933 | D:7      | Killed GordonOverkill's ghost
  4933 | D:7      | Reached skill level 15 in Stealth
  4933 | D:7      | Reached XP level 9. HP: 32/70 MP: 9/9
  5062 | D:7      | Reached skill level 5 in Dodging
  5205 | D:7      | Found a white marble altar of Elyvilon.
  5462 | D:7      | Reached skill level 16 in Stealth
  5612 | D:7      | Found a basalt altar of Yredelemnul.
  6297 | D:7      | Found Xiamuobb's Food Boutique.
  6738 | D:7      | Found a burning altar of Makhleb.
  6907 | D:8      | Reached XP level 10. HP: 78/78 MP: 10/10
  7071 | D:8      | Noticed Pikel
  7100 | D:8      | Killed Pikel
  7116 | D:8      | Identified a scroll of acquirement
  7117 | D:8      | Got a distressingly furry helmet
  7123 | D:8      | Identified the +0 helmet of Baldness {+Inv +Fly rPois} (You acquired it on level 8 of the Dungeon)
  7532 | D:8      | Found an ancient bone altar of Kikubaaqudgha.
  7585 | D:9      | Reached skill level 17 in Stealth
  8926 | D:9      | Noticed Maurice
  8926 | D:9      | Found a shadowy altar of Dithmenos.
  8949 | D:9      | Killed Maurice
  8955 | D:9      | Became a worshipper of Dithmenos the Shadowed
  9062 | D:10     | Entered Level 10 of the Dungeon
  9078 | D:10     | Found a staircase to the Lair.
  9086 | D:10     | Reached skill level 18 in Stealth
  9165 | D:10     | Noticed Grum
  9200 | D:10     | Demolished by Grum

Skill      XL: |  1  2  3  4  5  6  7  8  9 10 |
---------------+-------------------------------+-----
Stealth        | 6 7 8 9 10 12 15 16 18 | 18.0
Fighting       | 2 3 4 |  4.9
Short Blades   | 3 4 6 7 8 |  8.6
Dodging        | 2 3 4 5 7 |  7.4
Throwing       | |  1.5

Action                   |  1- 3 |  4- 6 |  7- 9 | 10-12 || total
-------------------------+-------+-------+-------+-------++-------
Melee: Dagger            |    93 |   187 |   425 |   291 ||   996
       Bite              |     7 |    18 |    46 |    34 ||   105
       Unarmed           |       |       |    10 |       ||    10
 Abil: Blink             |       |       |     2 |     6 ||     8
       End Transformatio |       |       |     1 |     1 ||     2
       Bat Form          |       |       |     1 |     1 ||     2
  Use: Scroll            |     5 |     8 |     5 |     2 ||    20
       Potion            |       |     5 |     3 |     6 ||    14
 Stab: Sleeping          |     5 |    16 |    35 |    20 ||    76
       Distracted        |       |     2 |     1 |     2 ||     5
  Eat: Corpse            |     1 |     1 |     8 |     3 ||    13
Armor: Robe              |    16 |    25 |    84 |    70 ||   195
Dodge: Dodged            |    43 |   121 |   336 |   278 ||   778
